 Dungeon Crawl Stone Soup version 0.31.0-32-g396128a36d (webtiles) character file.

Game seed: 10579507127146896022

2725083 monsoonserge the Imperceptible (level 27, 44/295 HPs)
             Began as a Demonspawn Reaver on Mar 29, 2024.
             Was a Follower of Uskayaw.
             Escaped with the Orb
             ... and 5 runes on Mar 31, 2024!
             The game lasted 08:53:33 (88124 turns).

monsoonserge the Imperceptible (Demonspawn Reaver) Turns: 88124, Time: 08:53:33

Health: 44/295     AC: 28    Str: 13      XL:     27
Magic:  12/38      EV: 26    Int: 25 (26) God:    Uskayaw [*.....]
Gold:   6344       SH:  0    Dex: 28      Spells: 0/48 levels left

rFire   + . .        N - +8 pair of quick blades "Gyre" and "Gimble" {protect}
rCold   + . .        (shield currently unavailable)
rNeg    + . .        S - +6 faerie dragon scales {rN+ rCorr}
rPois   +            (helmet unavailable)
rElec   +            Z - +0 cloak of Zin, Charming {rF+ rCorr Dex+2}
rCorr   +            h - +2 pair of gloves of the Floral God {Fly rC+ Str-5 Int+3}
SInv    +            m - +2 pair of boots of Uptys {Int+6}
Will    +++..        O - amulet of faith
Stlth   +++          i - ring of Fiowkich {rElec rPois Will+ Dex+3}
HPRegen 0.69/turn    X - ring of Benevolence {Str+4 Slay+4}
MPRegen 0.52/turn

%: clarity, guardian spirit, faith
@: flying, studying 2 skills
A: antennae 3, molten scales 3, icemail 2, robust 3, magic shield, magic
regeneration, magic link, condensation shield, fangs 1, hooves 1, agile 1,
clarity, screaming 1, teleportitis 1, heat vulnerability 1, MP-powered wands,
noise suppression
0: Orb of Zot
}: 5/15 runes: decaying, serpentine, slimy, silver, abyssal
a: Renounce Religion, Stomp


You escaped.
You worshipped Uskayaw.
Uskayaw was most pleased with you.
You visited 14 branches of the dungeon, and saw 58 of its levels.
You visited the Abyss 3 times.
You visited 1 bazaar.
You also visited: Trove, Gauntlet and Volcano.

You collected 9962 gold pieces.
You spent 3618 gold pieces at shops.

Inventory:

Hand Weapons
 N - the +8 pair of quick blades "Gyre" and "Gimble" (weapon) {protect}
   (You found it on level 7 of the Dungeon)
Missiles
 j - 3 javelins
 o - 26 curare-tipped darts
 s - 21 boomerangs (quivered)
 J - 2 throwing nets
 K - 10 datura-tipped darts
 U - 20 silver javelins
 Y - 8 atropa-tipped darts
Armour
 h - the +2 pair of gloves of the Floral God (worn) {Fly rC+ Str-5 Int+3}
   (You bought it in a shop in a bazaar)

   Str-5:     It affects your strength (-5).
   Int+3:     It affects your intelligence (+3).
   rC+:       It protects you from cold.
   Fly:       It grants you flight.
 k - the +6 scale mail of Quantum Leap {Fly rF+ Dex-3}
   (You bought it in a shop on level 2 of the Snake Pit)

   Dex-3:     It affects your dexterity (-3).
   rF+:       It protects you from fire.
   Fly:       It grants you flight.
 m - the +2 pair of boots of Uptys (worn) {Int+6}
   (You found it on level 2 of the Depths)

   Int+6:     It affects your intelligence (+6).
 S - the +6 faerie dragon scales (worn) {rN+ rCorr}
   (You took it off the Enchantress on level 2 of the Depths)

   rN+:       It protects you from negative energy.
   rCorr:     It protects you from acid and corrosion.
 T - the scarf of the Mashing Gods {shadows, rPois rN+ rCorr}
   (You found it on level 2 of the Lair of Beasts)

   rPois:     It protects you from poison rN+: It protects you from negative
   energy.
   rCorr:     It protects you from acid and corrosion.
 Z - the +0 cloak of Zin, Charming (worn) {rF+ rCorr Dex+2}
   (You found it on level 3 of the Lair of Beasts)

   Dex+2:     It affects your dexterity (+2).
   rF+:       It protects you from fire.
   rCorr:     It protects you from acid and corrosion.
Jewellery
 i - the ring of Fiowkich (left hand) {rElec rPois Will+ Dex+3}
   (You bought it in a shop in a bazaar)

   [ring of willpower]

   Dex+3:     It affects your dexterity (+3).
   rElec:     It insulates you from electricity.
   rPois:     It protects you from poison Will+: It increases your willpower.
 z - the ring of Xurr {Wiz rN+++ Str+8 Dex-5 Stlth-}
   (You took it off a deep elf sorcerer on level 3 of the Elven Halls)

   [ring of wizardry]

   Wiz:       It improves your spell success rate.
   Str+8:     It affects your strength (+8).
   Dex-5:     It affects your dexterity (-5).
   rN+++:     It renders you almost immune to negative energy.
   Stlth-:    It makes you less stealthy.
 H - the ring of Eqinil {rC+ Dex+2}
   (You found it on level 5 of the Pits of Slime)

   [ring of protection from cold]

   Dex+2:     It affects your dexterity (+2).
   rC+:       It protects you from cold.
 O - an amulet of faith (around neck)
 X - the ring of Benevolence (right hand) {Str+4 Slay+4}
   (You took it off a deep elf demonologist on level 3 of the Elven Halls)

   [ring of slaying]

   Str+4:     It affects your strength (+4).
   Slay+4:    It affects your accuracy & damage with ranged weapons and melee
   (+4).
Talismans
 l - a granite talisman
Wands
 r - a wand of mindburst (67)
 u - a wand of digging (21)
 w - a wand of iceblast (73)
 D - a wand of charming (94)
 M - a wand of acid (57)
 V - a wand of polymorph (39)
Scrolls
 d - 3 scrolls of butterflies
 e - 10 scrolls of fog
 f - 6 scrolls of silence
 n - 18 scrolls of teleportation
 q - 4 scrolls of revelation
 t - 13 scrolls of immolation
 v - 6 scrolls of blinking
 y - 12 scrolls of enchant armour
 R - 9 scrolls of fear
 W - 5 scrolls of poison
Potions
 a - 7 potions of haste
 b - 11 potions of lignification
 c - 5 potions of cancellation
 g - 9 potions of mutation
 A - 16 potions of curing
 C - 2 potions of invisibility
 E - 3 potions of berserk rage
 G - 7 potions of might
 I - 13 potions of heal wounds
 P - 6 potions of magic
 Q - 10 potions of resistance
Miscellaneous
 p - a box of beasts (inert)
 x - a lightning rod (4/4)
 B - a phial of floods
 F - the horn of Geryon
 L - a phantom mirror


   Skills:
 + Level 20.8 Fighting
 - Level 14.7(15.0) Short Blades
 - Level 4.2(10.5) Long Blades
 - Level 7.7 Staves
 - Level 7.1 Throwing
 - Level 12.3 Armour
 + Level 14.8 Dodging
 - Level 22.0 Stealth
 - Level 0.3 Shields
 - Level 11.0 Spellcasting
 * Level 6.1 Conjurations
 - Level 7.0 Hexes
 - Level 6.0 Summonings
 - Level 12.0 Necromancy
 * Level 7.9 Translocations
 * Level 4.3 Ice Magic
 - Level 7.0 Air Magic
 - Level 4.0 Earth Magic
 - Level 7.0 Alchemy
 + Level 18.7 Invocations
 + Level 7.5 Evocations
 + Level 16.0 Shapeshifting


You couldn't memorise any spells.
You knew the following spells:

 Your Spells              Type           Power      Damage    Failure   Level
a - Cause Fear            Hex            24%        N/A       3%          4
b - Freezing Cloud        Conj/Ice/Air   21%        6-21      14%         5
c - Lesser Beckoning      Tloc           100%       N/A       1%          2
d - Animate Dead          Necr           65%        N/A       1%          4
e - Fugue of the Fallen   Necr           65%        N/A       1%          3
f - Martyr's Knell        Necr/Summ      56%        N/A       1%          4
g - Mephitic Cloud        Conj/Alch/Air  47%        N/A       1%          3
h - Death Channel         Necr           32%        N/A       6%          6
i - Borgnjor's Vile Clut  Necr/Erth      26%        N/A       6%          5
j - Blink                 Tloc           100%       N/A       1%          2
k - Summon Forest         Summ/Tloc      24%        N/A       10%         5
l - Yara's Violent Unrav  Hex/Alch       24%        3d11      9%          5

Your spell library contained the following spells:

 Spells                   Type           Power      Damage    Failure   Level
 Apportation              Tloc           100%       N/A       1%          1
 Freeze                   Ice            100%       1d10      1%          1
 Kiss of Death            Conj/Necr      100%       2d13      1%          1
 Necrotise                Necr           100%       1d9       1%          1
 Sandblast                Erth           66%        2d15      1%          1
 Shock                    Conj/Air       100%       1d9       1%          1
 Slow                     Hex            100%       N/A       1%          1
 Sting                    Conj/Alch      100%       1d9       1%          1
 Summon Small Mammal      Summ           100%       N/A       1%          1
 Call Imp                 Summ           86%        N/A       1%          2
 Cigotuvi's Dreadful Rot  Necr/Alch/Air  100%       N/A       1%          2
 Ensorcelled Hibernation  Hex/Ice        84%        N/A       1%          2
 Jinxbite                 Hex            96%        N/A       1%          2
 Mercury Vapours          Alch/Air       96%        N/A       1%          2
 Momentum Strike          Conj/Tloc      96%        3d10      1%          2
 Searing Ray              Conj           88%        2d7       1%          2
 Sublimation of Blood     Necr           65%        N/A       1%          2
 Call Canine Familiar     Summ           43%        N/A       1%          3
 Confusing Touch          Hex            48%        N/A       1%          3
 Dazzling Flash           Conj/Hex       92%        N/A       1%          3
 Gell's Gravitas          Tloc           52%        N/A       1%          3
 Hailstorm                Conj/Ice       39%        3d9       1%          3
 Sigil of Binding         Hex            48%        N/A       1%          3
 Summon Ice Beast         Ice/Summ       39%        N/A       1%          3
 Swiftness                Air            48%        N/A       1%          3
 Teleport Other           Tloc           52%        N/A       1%          3
 Vampiric Draining        Necr           65%        2d10      1%          3
 Dispel Undead            Necr           65%        3d22      1%          4
 Stone Arrow              Conj/Erth      78%        3d11      2%          3
 Manifold Assault         Tloc           52%        N/A       2%          4
 Frozen Ramparts          Ice            70%        1d11      3%          3
 Ozocubu's Armour         Ice            35%        N/A       3%          3
 Passwall                 Erth           33%        N/A       3%          3
 Airstrike                Air            24%        2d(4-20)  3%          4
 Summon Lightning Spire   Summ/Air       46%        N/A       4%          4
 Leda's Liquefaction      Alch/Erth      20%        N/A       6%          4
 Petrify                  Alch/Erth      41%        N/A       6%          4
 Brom's Barrelling Bould  Conj/Erth      39%        2d6       8%          4
 Scorch                   Fire           26%        2d6       9%          2
 Alistair's Intoxication  Alch           32%        N/A       9%          5
 Irradiate                Conj/Alch      23%        3d19      11%         5
 Summon Mana Viper        Hex/Summ       46%        N/A       11%         5
 Iskenderun's Battlesphe  Conj           44%        2d10      13%         5
 Ignite Poison            Fire/Alch      31%        N/A       14%         4
 Sticky Flame             Fire/Alch      31%        2d7       14%         4
 Metabolic Englaciation   Hex/Ice        21%        N/A       16%         5
 Flame Wave               Conj/Fire      29%        2d9       17%         4
 Summon Blazeheart Golem  Fire/Summ      28%        N/A       17%         4
 Lee's Rapid Deconstruct  Erth           16%        3d10*     30%         5
 Dispersal                Tloc           26%        N/A       34%         6
 Fireball                 Conj/Fire      14%        3d8       43%         5
 Eringya's Noxious Bog    Alch           24%        4d6       45%         6
 Summon Cactus Giant      Summ           21%        N/A       58%         6
 Sculpt Simulacrum        Ice/Alch       21%        N/A       65%         6
 Bombard                  Conj/Erth      19%        9d4       75%         6
 Haunt                    Necr/Summ      28%        N/A       77%         7
 Starburst                Conj/Fire      14%        6d6       95%         6
 Enfeeble                 Hex            24%        N/A       95%         7
 Borgnjor's Revivificati  Necr           32%        N/A       95%         8
 Malign Gateway           Summ/Tloc      24%        N/A       96%         7
 Monstrous Menagerie      Summ           21%        N/A       99%         7
 Orb of Destruction       Conj           22%        9d8       99%         7
 Spellforged Servitor     Conj/Summ      22%        N/A       99%         7
 Summon Hydra             Summ           21%        N/A       99%         7
 Ozocubu's Refrigeration  Ice            17%        4d11      100%        7
 Disjunction              Tloc           26%        N/A       100%        8
 Lehudib's Crystal Spear  Conj/Erth      19%        10d6      100%        8
 Summon Horrible Things   Summ           21%        N/A       100%        8
 Chain Lightning          Conj/Air       23%        3d30      100%        9
 Death's Door             Necr           32%        N/A       100%        9
 Dragon's Call            Summ           21%        N/A       100%        9
 Fire Storm               Conj/Fire      14%        8d4       100%        9
 Polar Vortex             Ice            17%        12d2*     100%        9
 Shatter                  Erth           16%        3d16*     100%        9


Dungeon Overview and Level Annotations

Branches:
Dungeon (15/15)            Temple (1/1) D:7            Lair (5/5) D:9
  Swamp (4/4) Lair:3        Snake (4/4) Lair:2        Slime (5/5) Lair:4
    Orc (2/2) D:11            Elf (3/3) Orc:2        Vaults (5/5) D:14
  Crypt (3/3) Vaults:2       Tomb (1/3) Crypt:3      Depths (4/4) D:15
   Hell (visited)             Dis (0/7) Hell            Geh (0/7) Hell
    Coc (0/7) Hell            Tar (0/7) Hell            Zot (5/5) Depths:4
Volcano (visited)         Gauntlet (visited)

Altars:
Ashenzari
Cheibriados
Dithmenos
Fedhas
Gozag
Hepliaklqana
Kikubaaqudgha
Makhleb
Nemelex Xobeh
Okawaru
Qazlal
Ru
Sif Muna
Trog
Uskayaw
Vehumet
Wu Jian
Xom
Yredelemnul
Jiyva

Shops:
D:4 !   D:7 :   Orc:1 (   Orc:2 =*[?   Elf:2 [   Elf:3 !   Snake:1 =?[
Snake:2 [[(   Depths:1 [*[:*

Portals:
Hell: Depths:1 Depths:2 Depths:3 Depths:4
Abyss: Depths:3
Pandemonium: Orc:2 Depths:2
Ziggurat: Depths:4


Innate Abilities, Weirdness & Mutations

You have a pair of large antennae on your head. (SInv)
You are completely covered in molten scales. (AC +4, rF+)
A meltable icy envelope protects you from harm. (AC +0)
You are extremely robust. (+30% HP)
When hurt, damage is shared between your health and your magic reserves.
You regenerate magic rapidly.
When low on magic, you restore magic in place of health.
A meltable shield of frost defends you. (SH +0)
You have very sharp teeth.
You have large cloven feet.
You are agile. (Dex +4, Str/Int -1)
You possess an exceptional clarity of mind.
You occasionally shout uncontrollably at your foes.
You are occasionally teleported next to monsters.
You are vulnerable to heat. (rF-)
You expend magic power (3 MP) to strengthen your wands.
You passively dampen the noise of your surroundings.


Message History

You puncture the fire vortex!
Your weapon exudes an aura of protection.
You bite the fire vortex. You barely miss the fire vortex.
You bite the fire vortex. You puncture the fire vortex!
The fire vortex dissipates!
The fire vortex hits you. The fire vortex burns you! You resist.
The fire vortex dissipates!
You hit the fire vortex. You bite the fire vortex.
You puncture the fire vortex! You completely miss the fire vortex.
You bite the fire vortex. You puncture the fire vortex!
The fire vortex dissipates!
Rugigono gestures at you.
A raging storm of fire appears!
The great blast of fire engulfs you!!! You partially resist.
A fire vortex comes into view.
Rugigono gestures at you.
A raging storm of fire appears!
The great blast of fire engulfs you!!!
You partially resist. 4 fire vortices come into view. 2 fire vortices come into view.
The fire vortex moves out of view.
There is an open door here.
The fire vortex hits you. The fire vortex burns you! You resist.
The fire vortex dissipates!
The sixfirhy attacks as it pursues you! The sixfirhy completely misses you.
The sixfirhy misses you. x2; The sixfirhy barely misses you.
Rugigono gestures at you.
A raging storm of fire appears!
The great blast of fire engulfs you!! You partially resist.
* * * LOW HITPOINT WARNING * * *
The great blast of fire engulfs the sixfirhy!!!
The sixfirhy dies!
There is a staircase leading out of the dungeon here.
You are engulfed in blazing flames.
You resist.
* * * LOW HITPOINT WARNING * * *
Rugigono gestures at you.
A raging storm of fire appears!
The great blast of fire engulfs you!!! You partially resist.
* * * LOW HITPOINT WARNING * * *
You have escaped!

#.# #.# #.# #.# #.# #.#
######.# #.# #.# #......#
#.###.#### #.##.###
#.##...>..
#.##.#♣♣♣♣#########°°.###
#.##.§...##.......+○°v###
#.####§###.......§#§{○{v.
#.# ###@.v...&.§{{{{{{{{
#.####.###○......§#§{v.&.
#..##...§##......§+°v{○..
##....♣♣♣♣#########°○○#v.
#.#### #.##.###.v #.#
#.######.# #.##########
#.### #... #..........#
#...# #... ###.####.#.##
#.#.# #...


You could see Rugigono and a fire vortex.

Vanquished Creatures
  the Royal Jelly (Slime:5)
  3 dread liches
  10 orbs of fire
  An ancient lich (Vaults:4)
  Mara (Vaults:3)
  Khufu (Crypt:3)
  3 royal mummies (Crypt:3)
  Xtahua (Crypt:3)
  Boris (Depths:3)
  Bai Suzhen (Swamp:4)
  The ghost of monsoonserge the Spry, a veteran GnSh of Elyvilon (Elf:3)
  2 Killer Klowns (Zot:5)
  6 caustic shrikes
  Vashnia (Snake:4)
  Saint Roka (Crypt:2)
  Geryon (Hell)
  The ghost of Imio the Warrior, an adept DgCj (Depths:4)
  the Enchantress (Depths:2)
  4 golden dragons
  Norris (Vaults:3)
  2 bone dragons (Crypt:3)
  Zenata (Elf:2)
  3 hellephants
  An Ice Fiend (Depths:3)
  A tainted leviathan (Hell)
  An electric golem (Zot:5)
  8 liches
  20 Orb Guardians
  17 tentacled monstrosities
  2 deep elf blademasters
  6 quicksilver dragons
  2 deep elf master archers (Elf:3)
  14 acid blobs
  A titan (Vaults:5)
  6 sphinxes
  8 death cobs
  10 storm dragons
  6 ancient champions (Crypt:3)
  4 tentacled starspawn (Abyss:1)
  Gastronok (Lair:3)
  8 shadow dragons
  4 tengu reavers
  3 thorn hunters (Swamp:4)
  Donald (Snake:1)
  2 draconian knights
  3 draconian monks
  2 nagarajas (Snake:4)
  3 revenants
  Roxanne (D:15)
  A fenstrider witch (Swamp:4)
  9 azure jellies
  3 protean progenitors (Zot:4)
  2 balrugs
  11 rockslimes
  7 deep elf sorcerers
  6 frost giants
  6 draconian shifters
  4 ghost moths
  17 vault wardens
  A caustic shrike zombie (Depths:4)
  4 fire giants
  4 iron dragons
  2 draconian stormcallers
  3 deep elf elementalists (Elf:3)
  6 draconian scorchers
  Louise (Snake:1)
  4 curse skulls
  2 cacodemons
  14 very ugly things
  A reaper (D:3)
  15 ironbound preservers
  4 ghouls (Crypt:1)
  5 quicksilver oozes
  4 spriggan defenders (Depths:2)
  4 juggernaut skeletons
  A caustic shrike skeleton (Hell)
  An eleionoma (Swamp:1)
  11 ironbound thunderhulks
  2 formless jellyfish
  The ghost of Wolfey the Unseen, a journeyman OpFi of the Shining One (Lair:4)
  2 draconian annihilators
  12 stone giants
  8 deep elf death magi
  9 vampire knights
  9 black draconians
  4 deep elf demonologists
  3 putrid mouths (Hell)
  A minotaur (Gauntlet)
  8 deep elf annihilators
  3 war gargoyles
  4 bunyips
  7 green draconians
  2 lorocyprocas
  4 spark wasps
  12 dire elephants
  An eidolon (Crypt:2)
  The ghost of Eolas the Brawler, a journeyman MiGl of Wu Jian (Swamp:1)
  5 yellow draconians
  8 red draconians
  7 white draconians
  7 purple draconians
  9 ettins
  The ghost of Derpydoo the Marksgargoyle, a journeyman GrFi of Hepliaklqana (D:13)
  A quicksilver dragon zombie (Crypt:1)
  4 fire dragons
  A very ugly thing zombie (Depths:2)
  12 jiangshi
  3 crystal guardians
  8 deep elf high priests
  An entropy weaver (Vaults:5)
  14 yaktaur captains
  2 shambling mangroves
  27 hydras
  5 rakshasas
  5 spriggan air magi
  32 vault guards
  8 great orbs of eyes
  5 spriggan skeletons
  6 ice dragons
  A peacekeeper (Vaults:4)
  8 salamander tyrants (Snake:4)
  11 anacondas
  3 demonspawn (Orc:2)
  A ghost crab (Swamp:3)
  8 ironbound frosthearts
  7 alligators
  7 boulder beetles
  2 ogre magi
  2 catoblepae
  4 death knights
  A two-headed ogre (shapeshifter) (Elf:2)
  28 dancing weapons
  3 deep troll shamans (Depths:2)
  8 two-headed ogres
  An Orb Guardian skeleton (Crypt:1)
  A death yak (Lair:1)
  8 deep troll earth magi
  A fenstrider witch skeleton (Crypt:1)
  9 hell hogs
  15 centaur warriors
  10 orc high priests
  7 vampire magi
  An emperor scorpion zombie (Crypt:1)
  A spriggan berserker (Depths:4)
  3 tengu warriors
  11 shock serpents
  A thrashing horror (Abyss:1)
  12 naga warriors
  6 occultists
  A titan zombie (Crypt:3)
  21 naga sharpshooters
  9 hell knights
  13 sun demons
  14 deep elf knights
  7 soul eaters
  10 iron trolls
  A shadow wraith (Crypt:3)
  Amaemon (Lair:2)
  9 titan skeletons
  3 skysharks
  3 sixfirhies
  50 skeletal warriors
  A storm dragon skeleton (Crypt:3)
  2 salamander mystics
  2 wretched stars
  2 sea snakes (Snake:3)
  6 spriggan druids
  5 goliath frogs
  2 spatial maelstroms
  9 mana vipers
  40 deep trolls
  3 naga ritualists
  A sea snake (shapeshifter) (Vaults:5)
  An orange crystal statue (D:14)
  12 ironbound convokers
  4 flayed ghosts
  An iron giant skeleton (Crypt:2)
  A shadow dragon zombie (Vaults:3)
  5 bog bodies
  4 deep elf archers
  8 glowing orange brains
  7 arcanists
  A bunyip skeleton (Crypt:3)
  19 deep elf pyromancers
  12 swamp dragons
  The ghost of PaiMei the Merchant of Misery, a novice DsNe of Kikubaaqudgha (D:6)
  A spriggan simulacrum (Crypt:1)
  An iron dragon zombie (Crypt:2)
  A golden dragon skeleton (Hell)
  9 lindwurms
  A harpy (shapeshifter) (Elf:3)
  13 necromancers
  2 anaconda skeletons
  14 deep elf zephyrmancers
  5 stone giant zombies
  6 orc sorcerers
  18 phantasmal warriors
  9 orc knights
  6 cyclopes
  An oklob plant (Lair:4)
  19 ugly things
  4 harpies (Vaults:3)
  Maurice (Orc:1)
  2 will-o-the-wisps
  16 salamanders
  6 manticores
  3 worldbinders (Abyss:1)
  A frost giant zombie (Vaults:4)
  14 moths of wrath
  22 vault sentinels
  A moth of wrath (shapeshifter) (Vaults:5)
  3 centaur zombies
  4 shining eyes
  6 meliai
  7 elephants
  119 slime creatures
  An eye of devastation (shapeshifter) (Elf:3)
  A kobold blastminer (Orc:2)
  2 stone giant skeletons
  A black mamba (shapeshifter) (D:11)
  A rust devil (Depths:3)
  38 black mambas
  2 dire elephant zombies
  4 eyes of devastation (Slime:5)
  18 naga magi
  A titan simulacrum (Tomb:1)
  2 molten gargoyles (Volcano)
  7 guardian serpents
  7 cane toads
  3 dire elephant skeletons
  10 orange demons
  4 smoke demons
  2 gargoyles
  2 torpor snails (shapeshifter)
  2 torpor snails
  3 centaur skeletons (Crypt:3)
  9 komodo dragons
  A minotaur zombie (Gauntlet)
  A rime drake (shapeshifter) (Elf:2)
  29 yaktaurs
  An orb spider zombie (Crypt:1)
  7 large abominations (Abyss:1)
  3 tengu conjurers (D:15)
  2 rime drakes
  A black draconian zombie (Crypt:3)
  4 freezing wraiths
  2 human skeletons
  A tormentor (Abyss:1)
  2 harpy zombies
  3 red devils (D:10)
  A green draconian skeleton (Crypt:1)
  2 guardian mummies (Tomb:1)
  A yaktaur skeleton (Vaults:4)
  2 hydra zombies (Swamp:3)
  2 ancient zymes (Abyss:1)
  4 trolls
  2 ice devils (Hell)
  10 polar bears (Lair:5)
  2 bloated husks
  9 tyrant leeches
  A harpy skeleton (Crypt:3)
  3 hellwings
  A queen bee (Gauntlet)
  4 blink frogs (Lair:3)
  6 raiju
  A death drake skeleton (Crypt:2)
  10 hornets
  Sigmund (D:5)
  3 glass eyes
  A jumping spider (D:7)
  A guardian serpent skeleton (Crypt:1)
  4 air elementals
  A centaur simulacrum (D:14)
  7 small abominations (Abyss:1)
  A shadow (D:12)
  9 spriggans
  A culicivora (shapeshifter) (Elf:3)
  5 wyverns
  2 ushabtiu (Tomb:1)
  7 wraiths
  3 starcursed masses (Abyss:1)
  51 yaks
  4 ynoxinuls
  A yak (shapeshifter) (Elf:3)
  Grum (D:7)
  2 vampires
  Eustachio (D:6)
  6 fire bats
  4 water elementals
  10 golden eyes
  6 fire elementals
  13 basilisks
  A basilisk (shapeshifter) (Elf:3)
  9 wargs
  A redback (shapeshifter) (Elf:3)
  3 steam dragons
  8 vampire mosquitoes
  4 chaos spawn
  48 nagas
  21 hell hounds
  8 spatial vortices
  19 swamp worms
  An entropy weaver zombie (Crypt:1)
  6 acid dragons
  2 naga skeletons (Crypt:3)
  10 water moccasins
  A meliai simulacrum (D:11)
  A swamp drake (shapeshifter) (Elf:3)
  12 black bears
  An ice beast (shapeshifter) (Vaults:5)
  A sky beast (D:3)
  10 swamp drakes
  42 orc warriors
  34 laughing skulls
  4 ogres
  3 boggarts
  An elephant skeleton (Crypt:1)
  A snapping turtle zombie (Crypt:3)
  29 wolves
  11 centaurs
  A manticore skeleton (Crypt:3)
  A weeping skull (Abyss:1)
  3 lemures (Temple)
  A brain worm (shapeshifter) (Abyss:1)
  2 kobold brigands
  2 human zombies
  6 gnoll sergeants
  12 bullfrogs
  2 earth elementals
  A scorpion (D:5)
  An elf skeleton (Crypt:2)
  A wyvern skeleton (Crypt:2)
  A salamander skeleton (Crypt:2)
  11 wights
  13 killer bees
  17 electric eels
  4 howler monkeys
  9 lava snakes
  A bombardier beetle (D:3)
  2 quasits (D:6)
  Crazy Yiuf (D:2)
  2 jellies
  35 orc priests
  14 hounds
  A black bear zombie (Crypt:1)
  An iron imp (Abyss:1)
  A sleepcap (D:7)
  Jessica (D:3)
  A gnoll bouda (D:7)
  2 iguanas
  18 orc wizards
  An ogre zombie (Crypt:2)
  2 tengu zombies
  A hound zombie (Crypt:3)
  A howler monkey zombie (D:10)
  9 mummies (Tomb:1)
  39 gnolls
  A steam dragon zombie (Crypt:3)
  4 adders
  An orc zombie (Vaults:5)
  A shadow imp (D:4)
  3 white imps
  5 ufetubi
  A jelly zombie (Crypt:3)
  An adder skeleton (Crypt:1)
  4 dart slugs
  81 orcs
  5 endoplasms
  4 giant cockroaches (D:1)
  5 goblins
  5 hobgoblins
  3 jackals
  3 ball pythons
  4 bats
  6 frilled lizards
  A goblin skeleton (Crypt:3)
  A hobgoblin zombie (Crypt:2)
  16 kobolds
  8 rats
  4 aspiring fleshes
  2 butterflies (Lair:1)
  2 creeping infernos (Hell)
  4 fire vortices
2458 creatures vanquished.

Vanquished Creatures (collateral kills)
  A dread lich (Zot:5)
  An orb of fire (Zot:5)
  A Killer Klown (Zot:5)
  A caustic shrike (Depths:4)
  A golden dragon (Vaults:5)
  An electric golem (Zot:5)
  5 Orb Guardians (Zot:5)
  A titan (Vaults:5)
  3 acid blobs
  A sphinx (Vaults:5)
  A death cob (Zot:3)
  A storm dragon (Depths:3)
  2 tengu reavers
  A rockslime (Slime:5)
  2 protean progenitors (Zot:5)
  A fire giant (Depths:4)
  3 frost giants
  An azure jelly (Slime:1)
  A vault warden (Vaults:4)
  2 draconian shifters (Zot:5)
  A quicksilver ooze (Slime:3)
  4 ironbound preservers
  2 draconian stormcallers (Zot:5)
  8 very ugly things
  2 formless jellyfish
  A cacodemon (Elf:3)
  A vampire knight (Depths:3)
  An ironbound thunderhulk (Vaults:2)
  A stone giant (Depths:3)
  A green draconian (Zot:5)
  A putrid mouth (Depths:3)
  4 black draconians
  A yellow draconian (Zot:4)
  A war gargoyle (Vaults:5)
  A white draconian (Zot:4)
  An eidolon (Vaults:2)
  A fire dragon (Depths:4)
  A jiangshi (Crypt:3)
  5 great orbs of eyes
  A deep elf high priest (Vaults:5)
  2 vault guards
  A deep troll shaman (Depths:3)
  A tengu warrior (Depths:2)
  2 deep troll earth magi
  A spriggan berserker (Depths:4)
  A shock serpent (Zot:4)
  2 spriggan riders (Depths:4)
  12 deep trolls
  An ironbound convoker (Vaults:5)
  2 ugly things (Depths:4)
  An orc sorcerer (Vaults:5)
  A salamander (shapeshifter) (Depths:4)
  A moth of wrath (Zot:4)
  A stone giant zombie (Depths:4)
  2 eyes of devastation
  3 yaktaurs
  2 freezing wraiths
  A guardian mummy (Tomb:1)
  A glass eye (Slime:1)
  29 slime creatures
  A wraith (Crypt:2)
  4 golden eyes
  A swamp worm (shapeshifter) (Depths:3)
  A black bear skeleton (Crypt:3)
  An orc (Vaults:5)
  A frilled lizard (D:3)
  An aspiring flesh (Zot:5)
147 creatures vanquished.

Vanquished Creatures (others)
  A draconian knight (Zot:1)
  A ghost moth (Zot:3)
  A Killer Klown zombie (Zot:5)
  3 very ugly thing zombies
  An acid blob zombie (Slime:5)
  An alligator (Zot:5)
  2 sphinx zombies
  2 Orb Guardian zombies (Zot:5)
  A centaur warrior (Vaults:1)
  A deep troll shaman (Depths:2)
  A storm dragon zombie (Zot:1)
  A sixfirhy (D:1)
  A tengu zombie (Vaults:5)
  An alligator zombie (Zot:5)
  A fire giant zombie (Vaults:5)
  2 draconian zombies (Zot:1)
  A frost giant zombie (Vaults:5)
  3 ugly thing zombies
  A stone giant zombie (Depths:4)
  A centaur zombie (Vaults:4)
  A titan simulacrum (Hell)
  A white draconian zombie (Zot:1)
  A purple draconian zombie (Zot:5)
  A black draconian zombie (Zot:1)
  An iron troll zombie (Depths:4)
  A harpy zombie (Hell)
  4 bloated husks
  A harpy skeleton (Hell)
  13 slime creature zombies
  An elf zombie (Vaults:5)
  An ogre zombie (Vaults:5)
  5 deep troll zombies
  An entropy weaver zombie (Vaults:5)
  2 orc warriors (Vaults:5)
  A black mamba simulacrum (Hell)
  A boggart (Vaults:3)
  13 human zombies
  3 yaktaur zombies
  A quasit (Abyss:1)
  A boggart zombie (Vaults:3)
  An orc (D:6)
  5 orc zombies (Vaults:5)
  A creeping inferno (Hell)
  2 fire vortices (D:1)
  12 foxfires
  2 snaplasher vines
  6 starspawn tentacles (Abyss:1)
110 creatures vanquished.

Grand Total: 2715 creatures vanquished

Notes
Turn   | Place    | Note
-------+----------+-------------------------------------------
     0 | D:1      | monsoonserge the Demonspawn Reaver began the quest for the
                  | Orb.
     0 | D:1      | Reached XP level 1. HP: 16/16 MP: 3/3
   200 | D:1      | Gained mutation: You have a pair of small antennae on your
                  | head. [demonic ancestry]
   200 | D:1      | Reached XP level 2. HP: 22/22 MP: 5/5
   785 | D:2      | Reached XP level 3. HP: 27/27 MP: 6/6
  1099 | D:2      | Found a runed translucent door.
  1100 | D:2      | Noticed Crazy Yiuf
  1212 | D:2      | Killed Crazy Yiuf
  1213 | D:2      | Reached skill level 1 in Armour
  1213 | D:2      | Gained mutation: A meltable shield of frost defends you.
                  | (SH +0) [demonic ancestry]
  1213 | D:2      | Reached XP level 4. HP: 28/31 MP: 5/7
  1222 | D:2      | Identified the +2 hammer "Piotil" {heavy, *Slow rCorr Dex+5
                  | Stlth+}
  1352 | D:3      | Noticed Jessica
  1359 | D:3      | Killed Jessica
  1360 | D:3      | Reached XP level 5. HP: 35/38 MP: 8/8
  1864 | D:4      | Reached skill level 1 in Staves
  1915 | D:4      | Reached XP level 6. HP: 32/44 MP: 9/9
  2019 | D:4      | Noticed a sky beast
  2033 | D:3      | Killed a sky beast
  2332 | D:4      | Found Mizullev's Distillery.
  2457 | D:4      | Bought a potion of degeneration for 14 gold pieces
  2457 | D:4      | Bought a potion of curing for 42 gold pieces
  2474 | D:5      | Entered Level 5 of the Dungeon
  2482 | D:5      | Found a broken altar of Ashenzari.
  2507 | D:5      | Noticed Sigmund
  2587 | D:5      | Noticed a water moccasin
  2606 | D:5      | Killed a water moccasin
  2607 | D:5      | Reached XP level 7. HP: 11/50 MP: 8/10
  4109 | D:5      | Reached skill level 1 in Stealth
  4199 | D:5      | Killed Sigmund
  4200 | D:5      | Reached skill level 1 in Throwing
  4200 | D:5      | Reached XP level 8. HP: 41/58 MP: 11/11
  4778 | D:6      | Reached skill level 1 in Evocations
  4903 | D:6      | Reached skill level 5 in Armour
  4926 | D:6      | Noticed PaiMei's ghost (novice DsNe)
  4946 | D:6      | Found a transporter.
  4962 | D:6      | Found a transporter.
  5473 | D:6      | Reached skill level 5 in Staves
  5882 | D:7      | Found a staircase to the Ecumenical Temple.
  5888 | Temple   | Entered the Ecumenical Temple
  5909 | Temple   | Became a worshipper of Ru the Awakened
  5939 | D:7      | Noticed Pikel
  6060 | D:7      | Pikel changed into Pikel the jumping spider
  6060 | D:7      | Noticed Pikel
  6065 | D:7      | Killed Pikel the jumping spider
  6066 | D:7      | Reached XP level 9. HP: 37/66 MP: 12/12
  6233 | D:7      | Noticed Grum
  6244 | D:7      | Killed Grum
  6425 | D:7      | Found Omusohyo's Book Shoppe.
  6604 | D:7      | Noticed a two-headed ogre
  6604 | D:7      | Noticed a two-headed ogre
  6610 | D:7      | Killed a two-headed ogre
  6611 | D:7      | Reached skill level 5 in Fighting
  6612 | D:7      | Killed a two-headed ogre
  6618 | D:7      | Found the +8 pair of quick blades "Gyre" and "Gimble"
                  | {protect}
  6669 | Temple   | Fell from the grace of Ru
  6669 | Temple   | Became a worshipper of Uskayaw the Reveller
  6713 | D:7      | Found an ancient bone altar of Kikubaaqudgha.
  6787 | D:7      | Reached * piety under Uskayaw
  6791 | D:7      | Reached ** piety under Uskayaw
  6793 | D:7      | Gained mutation: You are partially covered in molten
                  | scales. (AC +2) [demonic ancestry]
  6793 | D:7      | Reached XP level 10. HP: 67/74 MP: 13/13
  6793 | D:7      | Reached *** piety under Uskayaw
  6794 | D:7      | Reached skill level 1 in Invocations
  6855 | D:7      | Found an opulent altar of Gozag.
  6883 | D:7      | You fall into a shaft and drop 2 floors!
  6906 | D:9      | Found a staircase to the Lair.
  6911 | D:8      | Noticed a two-headed ogre
  7161 | D:9      | Reached skill level 1 in Short Blades
  7392 | D:9      | Reached **** piety under Uskayaw
  7394 | D:9      | Reached ***** piety under Uskayaw
  7396 | D:9      | Reached skill level 2 in Stealth
  8103 | D:8      | Found a burning altar of Makhleb.
  8176 | D:8      | Killed a two-headed ogre
  8518 | D:8      | Reached skill level 5 in Short Blades
  9464 | D:9      | Gained mutation: You have a pair of antennae on your head.
                  | [demonic ancestry]
  9464 | D:9      | Reached XP level 11. HP: 81/81 MP: 14/14
 10041 | D:10     | Entered Level 10 of the Dungeon
 10148 | D:10     | Identified the +2 helmet "Nufir" {rCorr MP+9 Int-4 Dex+5}
 10761 | D:10     | Noticed a two-headed ogre
 10786 | D:10     | Killed a two-headed ogre
 10787 | D:10     | Reached skill level 5 in Invocations
 10915 | D:10     | Reached skill level 3 in Stealth
 11417 | D:10     | Reached skill level 5 in Dodging
 11422 | D:10     | Found a basalt altar of Yredelemnul.
 11733 | D:11     | Noticed a cyan ugly thing
 11747 | D:11     | Killed a cyan ugly thing
 11748 | D:11     | Reached XP level 12. HP: 71/91 MP: 11/16
 11921 | D:11     | Noticed a boulder beetle
 11940 | D:11     | Killed a boulder beetle
 11988 | D:11     | Noticed a two-headed ogre
 11996 | D:11     | Killed a two-headed ogre
 12029 | D:11     | Noticed a two-headed ogre
 12040 | D:11     | Killed a two-headed ogre
 12042 | D:11     | Noticed an ogre mage
 12202 | D:11     | Noticed a two-headed ogre
 12207 | D:11     | Killed a two-headed ogre
 12214 | D:11     | Noticed a boulder beetle
 12231 | D:11     | Killed a boulder beetle
 12232 | D:11     | Reached skill level 10 in Short Blades
 12436 | Lair:1   | Entered Level 1 of the Lair of Beasts
 12807 | Lair:1   | Reached skill level 4 in Stealth
 13093 | D:4      | Bought a potion of haste for 140 gold pieces
 13526 | D:6      | Noticed Eustachio
 13537 | D:6      | Killed Eustachio
 13694 | D:6      | Killed PaiMei's ghost
 14068 | Lair:1   | Noticed a death yak
 14077 | Lair:1   | Killed a death yak
 14366 | Lair:2   | Gained mutation: You have a pair of large antennae on your
                  | head. (SInv) [demonic ancestry]
 14366 | Lair:2   | Reached XP level 13. HP: 98/98 MP: 19/19
 14371 | Lair:2   | Reached ****** piety under Uskayaw
 14617 | Lair:2   | Noticed Amaemon
 14628 | Lair:2   | Killed Amaemon
 14828 | Lair:2   | Identified the scarf of the Mashing Gods {shadows, rPois
                  | rN+ rCorr}
 15166 | Lair:2   | Found a staircase to the Snake Pit.
 15190 | Lair:2   | Reached skill level 5 in Stealth
 15570 | Lair:3   | Found a blossoming altar of Fedhas.
 15733 | Lair:3   | Noticed Gastronok
 15744 | Lair:3   | Killed Gastronok
 15780 | Lair:3   | Found a staircase to the Swamp.
 15819 | Lair:3   | Found a gate leading to a gauntlet.
 15847 | Gauntlet | Entered a Gauntlet
 15847 | Gauntlet | Found a transporter.
 15919 | Gauntlet | Found a transporter.
 15931 | Gauntlet | Found a transporter.
 15949 | Gauntlet | Found a transporter.
 15949 | Gauntlet | Found a transporter.
 15952 | Gauntlet | Found a transporter.
 15952 | Gauntlet | Found a transporter.
 15986 | Gauntlet | Found a transporter.
 16008 | Gauntlet | Found a transporter.
 16012 | Gauntlet | Found a transporter.
 16139 | Gauntlet | Found a runed translucent gate.
 16141 | Gauntlet | Found a runed translucent gate.
 16141 | Gauntlet | Found a transporter.
 16142 | Gauntlet | Found a runed translucent gate.
 16157 | Gauntlet | Found a transporter.
 16161 | Gauntlet | Noticed a green death
 16167 | Gauntlet | Found a transporter.
 16171 | Gauntlet | Found a transporter.
 16323 | Gauntlet | Identified the +1 robe "Fephiesat" {rN+ Str+3 Archmagi}
 16535 | Gauntlet | Noticed a minotaur
 16545 | Gauntlet | Killed a minotaur
 16783 | Lair:3   | Identified the +0 cloak of Zin, Charming {rF+ rCorr Dex+2}
 17350 | Lair:4   | Reached skill level 6 in Stealth
 17427 | Lair:4   | Reached skill level 10 in Invocations
 17529 | Lair:4   | Found a staircase to the Slime Pits.
 17529 | Lair:4   | Found a viscous altar of Jiyva.
 17640 | Lair:4   | Found a runed translucent gate.
 17640 | Lair:4   | Found a runed translucent gate.
 17640 | Lair:4   | Found a runed translucent gate.
 18178 | Lair:4   | Noticed Wolfey's ghost (journeyman OpFi)
 18405 | Lair:3   | Identified the dragon-blood talisman of Repulsion {Int+3
                  | Stlth+}
 18519 | Lair:5   | Entered Level 5 of the Lair of Beasts
 18519 | Lair:5   | Found a shadowy altar of Dithmenos.
 18703 | Lair:5   | Gained mutation: You regenerate magic rapidly. [demonic
                  | ancestry]
 18703 | Lair:5   | Reached XP level 14. HP: 106/106 MP: 21/21
 19672 | Lair:5   | Reached skill level 7 in Stealth
 21066 | Lair:5   | Identified the +1 orcbow of Destiny {flame, rCorr Dex+3
                  | SInv Stlth-}
 21140 | Lair:5   | Identified the +1 ring mail of the Past {Dex+5}
 21477 | D:4      | Bought a potion of experience for 700 gold pieces
 21477 | D:4      | Reached skill level 5 in Evocations
 21477 | D:4      | Gained mutation: When hurt, damage is shared between your
                  | health and your magic reserves. [demonic ancestry]
 21477 | D:4      | Reached XP level 15. HP: 114/114 MP: 22/24
 21740 | D:11     | Reached skill level 8 in Stealth
 22060 | D:11     | Found a staircase to the Orcish Mines.
 22486 | Orc:1    | Entered Level 1 of the Orcish Mines
 22606 | Orc:2    | Entered Level 2 of the Orcish Mines
 22648 | Orc:1    | Reached skill level 5 in Throwing
 22648 | Orc:1    | Found Huditat's Weapon Shop.
 22718 | Orc:1    | Found a dark tunnel.
 22812 | Volcano  | Entered a volcano
 23083 | Volcano  | Found a bloodstained altar of Trog.
 23223 | Volcano  | Reached skill level 10 in Fighting
 23446 | Orc:1    | Learned a level 3 spell: Swiftness
 23706 | Orc:1    | Noticed Maurice
 23712 | Orc:1    | Killed Maurice
 24064 | Orc:2    | Reached skill level 1 in Air Magic
 24117 | Orc:2    | Found a staircase to the Elven Halls.
 24350 | Orc:2    | Gained mutation: A meltable icy envelope protects you from
                  | harm. (AC +0) [demonic ancestry]
 24350 | Orc:2    | Reached XP level 16. HP: 98/122 MP: 23/25
 24444 | Orc:2    | Found Tioxukha's General Store.
 24687 | Orc:2    | Found Ulante's Magic Scroll Boutique.
 24838 | Orc:2    | Reached skill level 9 in Stealth
 25143 | Orc:2    | Found Apinozur's Antique Armour Shoppe.
 25143 | Orc:2    | Found Ethoqam's Jewellery Emporium.
 25143 | Orc:2    | Found a one-way gate leading to the halls of Pandemonium.
 25761 | D:12     | Identified the +1 shortbow of Annoyance {elec, +Blink rElec
                  | rC++ Dex-3}
 25944 | D:12     | Reached skill level 10 in Stealth
 26342 | D:13     | Learned a level 2 spell: Lesser Beckoning
 26425 | D:13     | Found a runed translucent door.
 26427 | D:13     | Noticed Derpydoo's ghost (journeyman GrFi)
 26888 | D:13     | Reached skill level 1 in Translocations
 27085 | D:13     | Killed Derpydoo's ghost
 27393 | D:14     | Identified a scroll of acquirement
 27393 | D:14     | Acquired 999 gold pieces
 27511 | D:14     | Found a runed translucent door.
 27567 | D:14     | Found a gate to the Vaults.
 27819 | D:15     | Entered Level 15 of the Dungeon
 27881 | D:15     | Noticed Roxanne
 27905 | D:15     | Found a staircase to the Depths.
 29262 | Lair:4   | Killed Wolfey's ghost
 29263 | Lair:4   | Reached skill level 11 in Stealth
 29327 | Swamp:1  | Entered Level 1 of the Swamp
 29548 | Swamp:1  | Found a runed translucent door.
 29549 | Swamp:1  | Found a shimmering altar of Xom.
 29549 | Swamp:1  | Noticed Eolas's ghost (journeyman MiGl)
 30283 | Swamp:1  | Gained mutation: You are mostly covered in molten scales.
                  | (AC +3) [demonic ancestry]
 30283 | Swamp:1  | Reached XP level 17. HP: 92/131 MP: 15/26
 31381 | Swamp:1  | Killed Eolas's ghost
 32111 | Swamp:3  | Got Gloorx Vloq's Elucidation of Reanimation Made Easy
 32196 | Swamp:3  | Reached skill level 1 in Necromancy
 32792 | Snake:1  | Entered Level 1 of the Snake Pit
 32869 | Snake:1  | Noticed Donald
 32882 | Snake:1  | Killed Donald
 32954 | Snake:1  | Found Ragae's Magic Scroll Boutique.
 33016 | Snake:1  | Found Yserialu's Armour Boutique.
 33135 | Snake:1  | Found a flickering gateway to a bazaar.
 33182 | Bazaar   | Entered a bazaar
 33184 | Bazaar   | Found Gidghuca's Antique Armour Shoppe.
 33198 | Bazaar   | Found Xyuxuil's Armour Boutique.
 33206 | Bazaar   | Found Omaxt's Assorted Antiques.
 33217 | Bazaar   | Found Fimadij's Jewellery Boutique.
 33262 | Bazaar   | Bought a pair of twisted gloves for 199 gold pieces
 33262 | Bazaar   | Identified the +2 pair of gloves of the Floral God {Fly rC+
                  | Str-5 Int+3} (You bought it in a shop in a bazaar)
 33305 | Bazaar   | Bought the ring of Fiowkich {rElec rPois Will+ Dex+3} for
                  | 544 gold pieces
 33546 | Snake:1  | Noticed Louise
 33557 | Snake:1  | Killed Louise
 33718 | Snake:1  | Reached skill level 12 in Stealth
 33842 | Snake:1  | Found Uclith's Jewellery Shoppe.
 34714 | Snake:2  | Reached skill level 5 in Spellcasting
 35340 | Snake:2  | Learned a level 4 spell: Animate Dead
 35563 | Snake:2  | Learned a level 3 spell: Fugue of the Fallen
 35590 | Snake:2  | Found Aneboit's Weapon Emporium.
 35591 | Snake:2  | Found Homawaoray's Antique Armour Shoppe.
 35594 | Snake:2  | Found Fios's Antique Armour Emporium.
 35601 | Snake:2  | Bought a spiked scale mail for 306 gold pieces
 35601 | Snake:2  | Identified the +6 scale mail of Quantum Leap {Fly rF+
                  | Dex-3} (You bought it in a shop on level 2 of the Snake
                  | Pit)
 35864 | Abyss:1  | Cast into level 1 of the Abyss (salamander)
 36435 | Abyss:1  | Reached skill level 13 in Stealth
 36545 | Abyss:1  | Reached XP level 18. HP: 108/140 MP: 23/27
 36818 | Abyss:1  | Reached skill level 5 in Necromancy
 36832 | Snake:2  | Escaped the Abyss
 38734 | D:14     | Identified the +1 pair of gloves of Proximity {rF+ Str+4}
 38783 | D:14     | Identified the +8 lajatang of Conformity {flame, rC+ rCorr
                  | Int+3}
 38881 | D:15     | Killed Roxanne
 39271 | Swamp:4  | Entered Level 4 of the Swamp
 39757 | Swamp:4  | Noticed Bai Suzhen
 39761 | Swamp:4  | Reached skill level 10 in Armour
 39769 | Swamp:4  | Killed Bai Suzhen
 39770 | Swamp:4  | Reached skill level 14 in Stealth
 39770 | Swamp:4  | Reached skill level 5 in Translocations
 39770 | Swamp:4  | Reached skill level 5 in Air Magic
 40745 | Swamp:4  | Identified the +4 war axe "Dawuitac" {antimagic, rElec}
 40747 | Swamp:4  | Got a decaying rune of Zot
 41286 | Snake:4  | Entered Level 4 of the Snake Pit
 41934 | Snake:4  | Noticed Vashnia
 41943 | Snake:4  | Killed Vashnia
 42335 | Snake:4  | Reached XP level 19. HP: 113/148 MP: 19/28
 43720 | Snake:4  | Got a serpentine rune of Zot
 44128 | Elf:1    | Entered Level 1 of the Elven Halls
 44178 | Elf:1    | Paralysed by an air elemental for 1 turns
 44346 | Elf:1    | Found a portal to a secret trove of treasure.
 44591 | Elf:1    | Reached skill level 15 in Stealth
 45428 | Elf:2    | Found a radiant altar of Vehumet.
 45581 | Elf:2    | Found Apnass's Armour Shop.
 45686 | Elf:2    | Found a runed translucent gate.
 45687 | Elf:2    | Found a runed translucent gate.
 45692 | Elf:2    | Found a runed translucent gate.
 45942 | Elf:3    | Entered Level 3 of the Elven Halls
 45958 | Elf:3    | Found Ite Xing's Distillery.
 46000 | Elf:2    | Found a radiant altar of Vehumet.
 46760 | Elf:3    | Found a runed translucent gate.
 47249 | Elf:3    | Identified the +8 flail "Foer" {elec, Will+}
 47249 | Elf:3    | Identified the ring of Benevolence {Str+4 Slay+4}
 47286 | Elf:3    | Identified the ring of Xurr {Wiz rN+++ Str+8 Dex-5 Stlth-}
 47290 | Elf:3    | Reached skill level 16 in Stealth
 47437 | Elf:3    | Found a runed translucent gate.
 47438 | Elf:3    | Found a runed translucent gate.
 48160 | Elf:3    | Identified the staff of Corraej {^Drain rElec Will+++ Necro
                  | Ice Air}
 48165 | Elf:3    | Identified the +2 pair of boots of Uclot {^Contam Dex+2
                  | SInv}
 48175 | Elf:3    | Got the Incunabulum of Burnt Toxicology
 48176 | Elf:3    | Identified the +9 shortbow of the Girdle {antimagic, rPois
                  | Str+3 Dex-5 SInv}
 48211 | Elf:3    | Got the Commentary on Changed Places
 48269 | Elf:3    | Identified the +1 shortbow "Hell-Harrower" {freeze, +Blink
                  | rPois rN+ Str+3}
 48598 | Elf:2    | Gained mutation: A meltable icy envelope protects you from
                  | harm. (AC +0) [demonic ancestry]
 48598 | Elf:2    | Reached XP level 20. HP: 154/155 MP: 30/30
 48629 | Elf:2    | Noticed Zenata
 48636 | Elf:2    | Killed Zenata
 50606 | Elf:1    | You paid a toll of a +6 demon whip to enter a treasure
                  | trove
 50607 | Trove    | Entered a treasure trove
 50612 | Trove    | Identified the +7 whip "Acarinebane" {antimagic, rN+ MP+9
                  | SInv}
 50634 | Trove    | Identified the +1 whip "Ukanguh" {flame, Fly Str+4 Stlth+}
 50637 | Trove    | Identified the +5 hand axe of Qaadytewo {flame, Dex+5}
 50660 | Trove    | Identified the +6 dagger "Jefedo Reaf" {venom, Fly Int+2}
 50662 | Trove    | Identified the +1 short sword "Rybran" {venom, rPois rC+}
 50879 | Vaults:1 | Entered Level 1 of the Vaults
 51028 | Vaults:1 | Reached skill level 17 in Stealth
 51558 | Vaults:1 | Reached skill level 10 in Dodging
 52470 | Vaults:2 | Reached skill level 18 in Stealth
 52918 | Vaults:2 | Found a staircase to the Crypt.
 53733 | Vaults:3 | Noticed Norris
 53754 | Vaults:3 | Killed Norris
 53766 | Vaults:3 | Noticed Mara
 53774 | Vaults:3 | Noticed monsoonserge's illusion
 53774 | Vaults:3 | Killed Mara
 53775 | Vaults:3 | Gained mutation: When low on magic, you restore magic in
                  | place of health. [demonic ancestry]
 53775 | Vaults:3 | Reached XP level 21. HP: 97/167 MP: 6/31
 53797 | Vaults:3 | Identified the +9 scimitar "Giantbane" {antimagic, rPois
                  | rC- Int+3}
 54703 | Vaults:3 | Reached skill level 15 in Fighting
 55618 | Vaults:3 | Reached skill level 19 in Stealth
 55683 | Vaults:3 | Reached skill level 15 in Invocations
 56312 | Vaults:4 | Learned a level 4 spell: Martyr's Knell
 56547 | Vaults:4 | Reached skill level 1 in Summonings
 57114 | Vaults:4 | Got the Vellum of Corpses and Alteration
 57119 | Vaults:4 | Learned a level 3 spell: Mephitic Cloud
 58241 | Elf:3    | Reached skill level 1 in Alchemy
 58246 | Elf:3    | Found a runed translucent gate.
 58246 | Elf:3    | Found a runed translucent gate.
 58247 | Elf:3    | Noticed monsoonserge's ghost (veteran GnSh)
 58249 | Elf:3    | Identified the +0 robe "Zaoseqav" {rC+ Str+3 Int+3}
 58250 | Elf:3    | Found a runed translucent gate.
 58492 | Elf:3    | Killed monsoonserge's ghost
 58534 | Elf:3    | Gained mutation: Your spells are a little easier to cast,
                  | but a little less powerful. [mutagenic glow]
 58550 | Elf:3    | Gained mutation: You are weak. (Str -2) [mutagenic glow]
 58558 | Elf:3    | Gained mutation: Your body sometimes deteriorates upon
                  | taking damage. [mutagenic glow]
 58575 | Elf:3    | Gained mutation: You occasionally lose the ability to drink
                  | potions when taking damage. [mutagenic glow]
 58576 | Elf:3    | Lost mutation: Your body sometimes deteriorates upon taking
                  | damage. [potion of mutation]
 58576 | Elf:3    | Lost mutation: You are weak. (Str -2) [potion of mutation]
 58576 | Elf:3    | Lost mutation: You occasionally lose the ability to drink
                  | potions when taking damage. [potion of mutation]
 58576 | Elf:3    | Gained mutation: You occasionally shout uncontrollably at
                  | your foes. [potion of mutation]
 58576 | Elf:3    | Gained mutation: You have sharp fingernails. [potion of
                  | mutation]
 58822 | Depths:1 | Entered Level 1 of the Depths
 58864 | Depths:1 | Found Kedaes's Antique Armour Boutique.
 58888 | Depths:1 | Found a snail-covered altar of Cheibriados.
 59001 | Depths:1 | Found Asireycs's General Store.
 59011 | Depths:1 | Gained mutation: You are robust. (+10% HP) [demonic
                  | ancestry]
 59011 | Depths:1 | Reached XP level 22. HP: 148/194 MP: 23/33
 59013 | Depths:1 | Reached skill level 20 in Stealth
 59014 | Depths:1 | Found Vass's Armour Shop.
 59244 | Depths:1 | Found a gateway to Hell.
 59259 | Depths:1 | Found Muru's General Store.
 59337 | Depths:1 | Found Qigele's Book Shop.
 59406 | Depths:1 | Identified the +7 battleaxe of Dithmenos, Telling
                  | {antimagic, rCorr}
 59519 | Depths:1 | Bought spiked acid dragon scales for 1485 gold pieces
 59519 | Depths:1 | Identified the +1 acid dragon scales "Kueczi" {^Contam
                  | rPois rCorr Str-4 Int+9} (You bought it in a shop on level
                  | 1 of the Depths)
 59519 | Depths:1 | Bought a masterwork robe for 188 gold pieces
 59519 | Depths:1 | Identified the +2 robe of Lies {Dex+2} (You bought it in a
                  | shop on level 1 of the Depths)
 59936 | Depths:2 | Identified the +2 pair of boots of Uptys {Int+6}
 60281 | Depths:2 | Noticed the Enchantress
 60292 | Depths:2 | Killed the Enchantress
 60298 | Depths:2 | Reached skill level 10 in Necromancy
 60654 | Depths:2 | Learned a level 6 spell: Death Channel
 60660 | Depths:2 | Learned a level 5 spell: Borgnjor's Vile Clutch
 61145 | Depths:3 | Found a one-way gate to the infinite horrors of the Abyss.
 61348 | Depths:3 | Reached skill level 1 in Earth Magic
 61367 | Depths:3 | Noticed Boris
 61374 | Depths:3 | Killed Boris
 61455 | Depths:3 | You are sucked into a shaft and drop 1 floor!
 61455 | Depths:4 | Entered Level 4 of the Depths
 61456 | Depths:4 | Found a one-way gateway to a ziggurat.
 61804 | Depths:4 | Noticed a caustic shrike
 61804 | Depths:4 | Noticed a caustic shrike
 61804 | Depths:4 | Noticed a caustic shrike
 61811 | Depths:4 | Killed a caustic shrike
 61812 | Depths:4 | Killed a caustic shrike
 61812 | Depths:4 | Killed a caustic shrike
 61897 | Depths:4 | Reached skill level 21 in Stealth
 61897 | Depths:4 | Found a gate to the Realm of Zot.
 62168 | Depths:4 | Found a runed translucent door.
 62169 | Depths:4 | Noticed Imio's ghost (adept DgCj)
 62437 | Depths:4 | Noticed a caustic shrike
 62437 | Depths:4 | Noticed a caustic shrike
 62438 | Depths:4 | Noticed a caustic shrike
 62471 | Depths:4 | Killed a caustic shrike
 62472 | Depths:4 | Reached XP level 23. HP: 194/203 MP: 24/35
 62475 | Depths:4 | Killed a caustic shrike
 62476 | Depths:4 | Killed a caustic shrike
 62719 | Depths:4 | Killed Imio's ghost
 62721 | Depths:4 | Identified the staff "Kuplan" {*Slow rPois rC+ MP+9
                  | Alchemy}
 63154 | Slime:1  | Entered Level 1 of the Pits of Slime
 63993 | Slime:1  | Gained mutation: You do not regenerate when monsters are
                  | visible. [a shining eye]
 64009 | Slime:1  | Gained mutation: You frequently scream uncontrollably at
                  | your foes. [a shining eye]
 64014 | Slime:2  | Gained mutation: Armour fits poorly on your strangely
                  | shaped body. [a shining eye]
 65622 | Slime:4  | Lost mutation: You do not regenerate when monsters are
                  | visible. [potion of mutation]
 65622 | Slime:4  | Lost mutation: You have sharp fingernails. [potion of
                  | mutation]
 65622 | Slime:4  | Lost mutation: You frequently scream uncontrollably at your
                  | foes. [potion of mutation]
 65622 | Slime:4  | Gained mutation: You have sharp fingernails. [potion of
                  | mutation]
 65637 | Slime:5  | Entered Level 5 of the Pits of Slime
 65887 | Slime:5  | Found the +3 greatsling "Punk" {acid, rCorr}
 66017 | Slime:5  | Noticed the Royal Jelly
 66019 | Slime:5  | Found a viscous altar of Jiyva.
 66025 | Slime:5  | Killed the Royal Jelly
 66058 | Slime:5  | Identified the +4 broad axe "Reoratec" {elec, *Rage rF+ rC+
                  | rCorr}
 66060 | Slime:5  | Identified the ring of Eqinil {rC+ Dex+2}
 66133 | Slime:5  | Identified the ring of Finality {rPois Int+2 Dex+6}
 66146 | Slime:5  | Identified the +1 long sword "Guilen" {speed, rC+ rN++
                  | Str-4 Stlth+}
 66147 | Slime:5  | Identified the +6 scale mail "Umoir" {Will- Dex+4}
 66354 | Slime:5  | Identified the +10 sling of Trial by Ordeal {heavy, rPois
                  | rC+ Dex-5}
 66362 | Slime:5  | Identified the +5 executioner's axe of the Jester {venom,
                  | Will+++ Str-2 Int+3}
 66373 | Slime:5  | Identified the ring of Qaloan {*Slow rF- rC+ Int+6 Dex+6}
 66375 | Slime:5  | Got the Incunable of Lethal Reformation
 66585 | Slime:5  | Identified the +6 scimitar "Duut" {heavy, rElec Int+2}
 66604 | Slime:5  | Identified the +1 scale mail of Omission {*Corrode +Inv
                  | rPois rN++}
 66611 | Slime:5  | Got Myqiaq's Collected Works on Voltaic Chrysopoeia
 66613 | Slime:5  | Got the Grimoire of Conjuration
 66616 | Slime:5  | Got a slimy rune of Zot
 67081 | Zot:1    | Entered Level 1 of the Realm of Zot
 67317 | Zot:1    | Noticed an orb of fire
 67317 | Zot:1    | Gained mutation: You have very sharp teeth. [an orb of
                  | fire]
 67318 | Zot:1    | Noticed an orb of fire
 67318 | Zot:1    | Noticed an orb of fire
 67318 | Zot:1    | Noticed an orb of fire
 67328 | Zot:1    | Gained mutation: Your health recovers twice as slowly from
                  | being drained. [an orb of fire]
 67616 | Depths:4 | Gained mutation: Your magical capacity is low. (-10% MP)
                  | [an orb of fire]
 68184 | Depths:3 | Reached skill level 22 in Stealth
 68185 | Depths:3 | Noticed a caustic shrike
 68192 | Depths:3 | Killed a caustic shrike
 68228 | Depths:3 | Reached XP level 24. HP: 138/214 MP: 16/33
 68805 | Vaults:5 | Entered Level 5 of the Vaults
 68805 | Vaults:5 | Noticed an ancient lich
 68825 | Vaults:4 | Reached skill level 10 in Spellcasting
 68842 | Vaults:4 | Killed an ancient lich
 69159 | Vaults:5 | Identified the ring "Ecutzuipp" {Wiz rPois}
 69774 | Vaults:5 | Identified the ring of Giuteh {Fly AC+4 Int+4}
 69819 | Vaults:5 | Identified the ring "Jorop" {rCorr Str+6}
 70226 | Vaults:5 | Got a silver rune of Zot
 70315 | Vaults:5 | Got Demarr's Encyclopedia of the Scorching Damned
 70794 | Vaults:5 | Learned a level 2 spell: Blink
 70806 | Vaults:5 | Identified the staff of Accord {Fly rElec Int+3 Air}
 71262 | Vaults:4 | Learned a level 5 spell: Summon Forest
 71374 | Crypt:1  | Entered Level 1 of the Crypt
 72026 | Crypt:1  | Learned a level 5 spell: Yara's Violent Unravelling
 72300 | Crypt:2  | Noticed Saint Roka
 72319 | Crypt:2  | Killed Saint Roka
 72852 | Crypt:2  | Reached skill level 1 in Hexes
 72854 | Crypt:2  | Gained mutation: You are completely covered in molten
                  | scales. (AC +4, rF+) [demonic ancestry]
 72854 | Crypt:2  | Reached XP level 25. HP: 190/228 MP: 29/33
 74525 | Hell     | Entered the Vestibule of Hell
 74525 | Hell     | Noticed Geryon
 74533 | Hell     | Reached skill level 5 in Summonings
 74540 | Hell     | Killed Geryon
 74570 | Depths:3 | Reached skill level 5 in Alchemy
 75064 | Hell     | Found a gateway to the freezing wastes of Cocytus.
 75237 | Depths:3 | Voluntarily entered the Abyss.
 75605 | Depths:3 | Escaped the Abyss
 75735 | Depths:3 | Voluntarily entered the Abyss.
 75758 | Abyss:3  | Found a huge runed translucent gate.
 75759 | Abyss:3  | Found a huge runed translucent gate.
 75760 | Abyss:3  | Found a huge runed translucent gate.
 75761 | Abyss:3  | Found a huge runed translucent gate.
 75762 | Abyss:3  | Found a huge runed translucent gate.
 75780 | Abyss:3  | Found a corrupted altar of Lugonu.
 75798 | Abyss:3  | Got an abyssal rune of Zot
 75863 | Depths:3 | Escaped the Abyss
 77624 | Hell     | Found a gateway to the decaying netherworld of Tartarus.
 77735 | Hell     | Found a gateway to the ashen valley of Gehenna.
 77853 | Hell     | Found a gateway to the Iron City of Dis.
 78324 | Crypt:3  | Entered Level 3 of the Crypt
 78410 | Crypt:3  | Reached skill level 5 in Hexes
 78413 | Crypt:3  | Found a staircase to the Tomb.
 78468 | Crypt:3  | Noticed Xtahua
 78476 | Crypt:3  | Killed Xtahua
 78607 | Crypt:3  | Noticed a royal mummy
 78609 | Crypt:3  | Noticed Khufu
 78611 | Crypt:3  | Noticed a royal mummy
 78964 | Crypt:3  | Learned a level 4 spell: Cause Fear
 79001 | Crypt:3  | Identified the +4 lajatang of Hodghoat {protect, rN+}
 79053 | Crypt:3  | Found a basalt altar of Yredelemnul.
 79108 | Crypt:3  | Noticed a dread lich
 79128 | Crypt:3  | Killed a dread lich
 79309 | Crypt:3  | Identified the staff "Spider's Nightmare" {rElec Ice Air}
 79672 | Crypt:3  | Noticed a royal mummy
 79826 | Crypt:3  | Reached skill level 1 in Shapeshifting
 80017 | Crypt:3  | Gained mutation: You are very robust. (+20% HP) [demonic
                  | ancestry]
 80017 | Crypt:3  | Reached XP level 26. HP: 231/261 MP: 34/34
 80028 | Crypt:3  | Reached skill level 5 in Shapeshifting
 80230 | Crypt:3  | Killed Khufu
 80237 | Crypt:3  | Killed a royal mummy
 80238 | Crypt:3  | Killed a royal mummy
 80246 | Crypt:3  | Killed a royal mummy
 80875 | Crypt:3  | Reached skill level 10 in Shapeshifting
 81038 | Tomb:1   | Entered Level 1 of the Tomb of the Ancients
 81410 | Tomb:1   | Noticed a royal mummy
 81841 | Depths:4 | Gained mutation: You frequently scream uncontrollably at
                  | your foes. [an orb of fire]
 81850 | Depths:4 | Killed an orb of fire
 81968 | Depths:4 | Killed an orb of fire
 82159 | Zot:1    | Killed an orb of fire
 82406 | Zot:1    | Killed an orb of fire
 84276 | Zot:3    | Noticed an orb of fire
 84289 | Zot:3    | Lost mutation: Your magical capacity is low. (-10% MP) [an
                  | orb of fire]
 84293 | Zot:3    | Killed an orb of fire
 85531 | Zot:5    | Entered Level 5 of the Realm of Zot
 85563 | Zot:5    | Reached skill level 15 in Shapeshifting
 85584 | Zot:5    | Gained mutation: You are extremely robust. (+30% HP)
                  | [demonic ancestry]
 85584 | Zot:5    | Reached XP level 27. HP: 226/291 MP: 20/38
 86075 | Zot:5    | Learned a level 5 spell: Freezing Cloud
 86253 | Zot:5    | Noticed a dread lich
 86253 | Zot:5    | Noticed an orb of fire
 86254 | Zot:5    | Reached skill level 1 in Ice Magic
 86254 | Zot:5    | Noticed a dread lich
 86259 | Zot:5    | Noticed an orb of fire
 86261 | Zot:5    | Noticed an orb of fire
 86263 | Zot:5    | Noticed an orb of fire
 86266 | Zot:5    | Gained mutation: You do not regenerate when monsters are
                  | visible. [an orb of fire]
 86282 | Zot:4    | Lost mutation: Armour fits poorly on your strangely shaped
                  | body. [potion of mutation]
 86282 | Zot:4    | Lost mutation: You frequently scream uncontrollably at your
                  | foes. [potion of mutation]
 86282 | Zot:4    | Gained mutation: You have large cloven feet. [potion of
                  | mutation]
 86282 | Zot:4    | Gained mutation: You frequently scream uncontrollably at
                  | your foes. [potion of mutation]
 86282 | Zot:4    | Gained mutation: You are agile. (Dex +4, Str/Int -1)
                  | [potion of mutation]
 86283 | Zot:4    | Lost mutation: You do not regenerate when monsters are
                  | visible. [potion of mutation]
 86283 | Zot:4    | Lost mutation: You have sharp fingernails. [potion of
                  | mutation]
 86283 | Zot:4    | Lost mutation: You have very sharp teeth. [potion of
                  | mutation]
 86283 | Zot:4    | Lost mutation: You have large cloven feet. [potion of
                  | mutation]
 86283 | Zot:4    | Gained mutation: You expend magic power (3 MP) to
                  | strengthen your wands. [potion of mutation]
 86397 | Zot:5    | Noticed an orb of fire
 86554 | Zot:4    | Gained mutation: You are dopey. (Int -2) [an orb of fire]
 86555 | Zot:4    | Killed an orb of fire
 86559 | Zot:4    | Killed an orb of fire
 86746 | Zot:5    | Gained mutation: You are vulnerable to heat. (rF-) [an orb
                  | of fire]
 86746 | Zot:5    | Gained mutation: You occasionally lose the ability to read
                  | scrolls when taking damage. [an orb of fire]
 86756 | Zot:4    | Lost mutation: Your health recovers twice as slowly from
                  | being drained. [potion of mutation]
 86756 | Zot:4    | Lost mutation: You are dopey. (Int -2) [potion of mutation]
 86756 | Zot:4    | Gained mutation: You passively dampen the noise of your
                  | surroundings. [potion of mutation]
 86756 | Zot:4    | Gained mutation: You have sharp toenails. [potion of
                  | mutation]
 86757 | Zot:4    | Lost mutation: Your spells are a little easier to cast, but
                  | a little less powerful. [potion of mutation]
 86757 | Zot:4    | Lost mutation: You frequently scream uncontrollably at your
                  | foes. [potion of mutation]
 86757 | Zot:4    | Lost mutation: You have sharp toenails. [potion of
                  | mutation]
 86757 | Zot:4    | Gained mutation: You have very sharp teeth. [potion of
                  | mutation]
 86757 | Zot:4    | Gained mutation: Your system is resistant to poisons.
                  | (rPois) [potion of mutation]
 86758 | Zot:4    | Lost mutation: Your system is resistant to poisons. (rPois)
                  | [potion of mutation]
 86758 | Zot:4    | Lost mutation: You occasionally lose the ability to read
                  | scrolls when taking damage. [potion of mutation]
 86758 | Zot:4    | Gained mutation: You possess an exceptional clarity of
                  | mind. [potion of mutation]
 86758 | Zot:4    | Gained mutation: Your mind is acute. (Int +4, Str/Dex -1)
                  | [potion of mutation]
 86758 | Zot:4    | Gained mutation: You have large cloven feet. [potion of
                  | mutation]
 86784 | Zot:5    | Lost mutation: Your mind is acute. (Int +4, Str/Dex -1) [an
                  | orb of fire]
 86795 | Zot:5    | Killed an orb of fire
 86796 | Zot:5    | Reached skill level 5 in Conjurations
 87003 | Zot:5    | Identified the +6 falchion of the Carved God {drain, rN+
                  | Will+}
 87028 | Zot:5    | Noticed an orb of fire
 87054 | Zot:5    | Killed an orb of fire
 87057 | Zot:5    | Noticed an orb of fire
 87061 | Zot:5    | Noticed a dread lich
 87073 | Zot:5    | Killed a dread lich
 87074 | Zot:5    | Gained mutation: You are occasionally teleported next to
                  | monsters. [an orb of fire]
 87076 | Zot:5    | Killed an orb of fire
 87130 | Zot:5    | Killed a dread lich
 87133 | Zot:5    | Noticed a dread lich
 87144 | Zot:5    | Killed an orb of fire
 87155 | Zot:5    | Killed a dread lich
 87179 | Zot:5    | Got the Orb of Zot
 87275 | Zot:4    | Noticed Ogyji the pandemonium lord
 87645 | D:13     | Noticed Wemneux the pandemonium lord
 88095 | D:1      | Noticed Rugigono the pandemonium lord
 88124 | D:$      | Escaped with the Orb!

Illustrated notes

Levels and vault maps discovered:
D:1:      roadster_arrival_rocket_small, layout_loops_ring, st_stairs_14,
          wad_floor_pattern_2
D:2:      layout_basic, uniq_crazy_yiuf_cottage
D:3:      layout_rooms, mainiacjoe_overflow_cross_hatched, hex_medium,
          chequers_decorated_corner, uniq_jessica
D:4:      layout_rooms, serial_shops, shop
D:5:      layout_layer_cave, ashenzari_conservatory_becter, uniq_sigmund
D:6:      layout_basic, gammafunk_ghost_stat_death, chequers_big_river,
          uniq_eustachio
D:7:      layout_cave_pools, lemuel_round_altar, mainiacjoe_overflow_chevrons,
          minmay_temple_entry_waves, serial_gnoll_camp, gnoll_camp_huts_basic,
          grums_kennel, gnoll_camp_mini_loothouse, gnoll_camp_mini_shop,
          hellmonk_guarded_unrand_gyre_and_gimble, uniq_pikel
D:8:      layout_cave_pools, makhleb_blood_cavern_becter, hangedman_incinerator
D:9:      layout_basic, lair_entry_dummy
D:10:     layout_long_grid, lemuel_zombie_altar_yredelemnul,
          minmay_beelzebubs_servants
D:11:     minmay_bloctagon, layout_basic, erik_orc_2
D:12:     layout_long_grid
D:13:     layout_basic, ebering_ghost_inner_flame
D:14:     layout_basic, david_vaults_5, kennysheep_nub, minmay_crystal_box
D:15:     hangedman_depths_entry_civil_slaughter, layout_loops_corners,
          uniq_roxanne
Temple:   eino_temple_scatter_basement
Lair:1:   layout_regular_city, chequers_serial_rivers_room_b, lemuel_fruit_tree,
          serial_bayou_shore_b, lemuel_fruit_fields
Lair:2:   layout_cellular_growth, nicolae_snake_entry_warm_welcome,
          grunt_megastairs_1, uniq_amaemon
Lair:3:   layout_regular_city, mainiacjoe_swamp_entry_angry_trees,
          gauntlet_entry_generic, basic_altar, minmay_lindwurm_lava,
          uniq_gastronok
Lair:4:   layout_gridlike, slime_entry_1, ebering_ghost_rock_garden,
          dpeg_oklob_1
Lair:5:   hangedman_lair_caniforms_friends, layout_misc_corridors,
          guppyfry_lair_end_dragon, basic_altar, columned_hall_lemuel,
          serial_bayou_lake_a, serial_bayou_shore_a
Swamp:1:  layout_basic_swamp, ebering_ghost_xom,
          nicolae_swamp_ascending_descending_big, nicolae_swamp_hydra_murder_den
Swamp:2:  layout_falls_marsh, evilmike_swamp_ruin_rubble_2
Swamp:3:  layout_falls_marsh, evilmike_swamp_ruin_house_4, swamp_pool_1_2,
          nicolae_swamp_necromancy_gone_wrong, infiniplex_staircase_pool_2,
          nicolae_swamp_long_stream
Swamp:4:  swamp_basic_johnstein, layout_basic_swamp, infiniplex_staircase_pool,
          uniq_bai_suzhen
Snake:1:  layout_chambers, serial_shops, bzr_entry_customers, shop,
          nicolae_shop_gaudy_bauble, shop, uniq_louise, uniq_donald
Snake:2:  layout_misc_corridors, minmay_shop_star
Snake:3:  layout_misc_corridors, special_room, nicolae_snake_bzzzt,
          serial_bayou_shore_b, grunt_megastairs_2, serial_bayou_shore_b,
          serial_bayou_shore_b
Snake:4:  hellmonk_snake_rune_quicksilver_temple, layout_basic, library_closet,
          uniq_vashnia
Slime:1:  layout_caves, cheibrodos_slime_lost_civilization_4
Slime:2:  layout_caves
Slime:3:  layout_caves
Slime:4:  layout_caves
Slime:5:  slime_pit_nicolae_inversion
Orc:1:    layout_diamond_mine, nicolae_volcano_entry_vermiform, serial_shops,
          nicolae_diamond_shop, uniq_maurice
Orc:2:    pf_orc_diabolical, layout_caves, hangedman_feature_mirror
Elf:1:    layout_loops_cross, nicolae_trove_entry_crystal, minivault_28
Elf:2:    nicolae_elf_blades_crystal_corner, layout_loops_corners, basic_altar,
          serial_shops, nicolae_shop_crystal, fountainhead,
          lemuel_upstairs_altar, uniq_zenata
Elf:3:    minmay_elf_hall_curves, layout_onion_city,
          ploomutoo_gammafunk_ghost_potion_laboratory, serial_shops, shop
Vaults:1: vaults_mumra_bighexcomb, nicolae_vaults_trapezoid_1,
          ontoclasm_vaults_bender, vaults_room_ringed_pool,
          nicolae_vaults_trapezoid_lopsided_1, grunt_vaults_focal, v_misc_22,
          hangedman_vaults_pinch, hangedman_vaults_trim, ontoclasm_vaults_eye,
          nicolae_vaults_closet_pinwheel_1, nicolae_vaults_specimen_jars,
          nicolae_vaults_closet_pinwheel_6, layout_vaults_maze_bifur
Vaults:2: ontoclasm_vaults_chip, v_pattern_4, hangedman_vaults_slice, v_misc_18,
          nicolae_vaults_know_your_exits, minmay_crypt_entry_simple_corners,
          v_misc_24, vaults_dpeg_hooks, layout_vaults_quadrants
Vaults:3: nicolae_vaults_tetromino_L_2, nicolae_vaults_branching_niches,
          hangedman_vaults_stream, hangedman_vaults_hat, v_misc_19,
          nicolae_vaults_cochlea, nicolae_vaults_surprise_closet,
          nicolae_vaults_stepped_doors, nicolae_vaults_diamond_2,
          nicolae_vaults_double_plus_1, layout_vaults_omnicross, uniq_norris,
          uniq_mara
Vaults:4: nicolae_vaults_closet_pinwheel_1, nicolae_vaults_house_1, v_misc_19,
          nicolae_vaults_steering_wheel, v_alt_pattern_2,
          nicolae_vaults_network_square, vaults_dpeg_encased_lava,
          nicolae_vaults_storage_room_doors, ontoclasm_vaults_decontamination,
          nicolae_vaults_library_corner, nicolae_vaults_surprise_closet,
          layout_vaults_chaotic_city
Vaults:5
Crypt:1:  layout_rooms, nicolae_crypt_crosshalls
Crypt:2:  layout_catacombs, ebering_dispersal_statue_hall, st_stairs_14,
          small_chamber_with_monster, uniq_saint_roka
Crypt:3:  church_of_pain_bobbens, layout_chaotic_city, uniq_khufu, uniq_grunn,
          uniq_xtahua
Tomb:1
Depths:1: layout_roguey, serial_shops, shop, shop,
          nicolae_shop_just_a_little_nook, shop, shop,
          minmay_misc_feat_four_crosses, hell_entry, slow_altar_1,
          infiniplex_staircase_pool_lava
Depths:2: nzn_winding_woodlands_three_and_one
          [nzn_winding_woodlands_5x15_concentric,
          nzn_winding_woodlands_5x15_twine, nzn_winding_woodlands_5x15_pockets,
          nzn_winding_woodlands_center_triple_pond], layout_gridlike,
          dk_noncrumbling_2, hangedman_tar_grid_catacomb,
          rand_demon_pan_entry_7, uniq_enchantress
Depths:3: four-leaf_vault, layout_gridlike, hell_entry,
          nicolae_abyss_entry_one_way_or_another, minmay_staircase_bubble,
          uniq_boris
Depths:4: grunt_zot_entry_funnels, layout_gridlike, enter_ziggurat_f,
          gammafunk_ghost_grave, hell_entry, kennysheep_crisscross,
          grunt_megastairs_5
Hell
Zot:1:    layout_misc_corridors, bh_zot_ikea_curve,
          regret_index_zotdec_obsidian_hm, lemuel_lake_of_fire
Zot:2:    layout_misc_corridors
Zot:3:    layout_misc_corridors, grunt_ministairs_13
Zot:4:    layout_gridville
Zot:5:    layout_basic

Skill      XL: |  1  2  3  4  5  6  7  8  9 10 11 12 13 14 15 16 17 18 19 20 21 22 23 24 25 26 27 |
---------------+----------------------------------------------------------------------------------+-----
Long Blades    | 3 4 |  4.2
Dodging        | 2 3 4 5 6 8 9 10 11 13 14 | 14.8
Armour         | 1 2 3 4 5 6 7 8 9 10 11 12 | 12.3
Staves         | 1 3 4 6 7 |  7.7
Fighting       | 3 4 5 6 7 8 9 10 11 12 13 14 15 16 17 19 20 | 20.8
Stealth        | 1 2 3 4 6 7 8 11 13 14 16 18 19 21 22 | 22.0
Throwing       | 1 2 4 5 6 7 |  7.1
Evocations     | 1 3 5 6 7 |  7.5
Invocations    | 4 6 8 10 12 13 14 15 17 18 | 18.7
Short Blades   | 5 8 11 12 13 14 | 14.7
Air Magic      | 1 4 6 7 |  7.0
Spellcasting   | 4 5 6 7 9 10 11 | 11.0
Translocations | 3 4 5 7 |  7.9
Necromancy     | 4 6 8 9 10 12 | 12.0
Summonings     | 3 4 5 6 |  6.0
Alchemy        | 1 3 4 6 7 |  7.0
Conjurations   | 4 6 |  6.1
Earth Magic    | 3 4 |  4.0
Hexes          | 1 6 7 |  7.0
Shapeshifting  | 4 15 16 | 16.0
Ice Magic      | 4 |  4.3
Shields        | |  0.3

Action                     |  1- 3 |  4- 6 |  7- 9 | 10-12 | 13-15 | 16-18 | 19-21 | 22-24 | 25-27 || total
---------------------------+-------+-------+-------+-------+-------+-------+-------+-------+-------++-------
  Melee: Falchion          |   130 |       |       |       |       |       |       |       |       ||   130
         Punch             |     1 |       |       |       |       |       |       |       |       ||     1
         Quarterstaff      |       |   129 |   248 |       |       |       |       |       |       ||   377
         Pair of quick bla |       |       |    18 |  1436 |  2077 |  4135 |  3371 |  3910 |  4134 || 19081
         Bite              |       |       |       |       |       |       |       |   453 |   979 ||  1432
  Throw: Boomerang         |       |       |    14 |    13 |    47 |    62 |     6 |     8 |     9 ||   159
         Dart              |       |       |     4 |    58 |    13 |     5 |       |       |       ||    80
   Cast: Kiss of Death     |     1 |     1 |       |       |       |       |       |       |       ||     2
         Lesser Beckoning  |       |       |       |       |       |     1 |       |       |     2 ||     3
         Fugue of the Fall |       |       |       |       |       |     1 |     9 |     7 |     3 ||    20
         Animate Dead      |       |       |       |       |       |       |     9 |    19 |     7 ||    35
         Martyr's Knell    |       |       |       |       |       |       |     2 |    13 |     3 ||    18
         Mephitic Cloud    |       |       |       |       |       |       |     1 |    23 |     8 ||    32
         Death Channel     |       |       |       |       |       |       |       |    16 |     6 ||    22
         Yara's Violent Un |       |       |       |       |       |       |       |     2 |     1 ||     3
         Summon Forest     |       |       |       |       |       |       |       |       |    15 ||    15
         Blink             |       |       |       |       |       |       |       |       |     3 ||     3
         Borgnjor's Vile C |       |       |       |       |       |       |       |       |     2 ||     2
 Invoke: Stomp             |       |       |       |    19 |    38 |    47 |    43 |    32 |    93 ||   272
         Line Pass         |       |       |       |     4 |     1 |     8 |     4 |    34 |    51 ||   102
         Grand Finale      |       |       |       |       |       |     3 |       |     1 |     1 ||     5
  Evoke: Wand              |     1 |     1 |     6 |       |     1 |     1 |     1 |     1 |     6 ||    18
         Phantom mirror    |       |       |       |       |       |     1 |       |       |       ||     1
         Lightning rod     |       |       |       |       |       |       |     3 |       |       ||     3
         Box of beasts     |       |       |       |       |       |       |     1 |       |     3 ||     4
    Use: Potion            |       |     3 |     2 |       |     2 |       |     1 |     2 |    10 ||    20
         Scroll            |       |       |     1 |     8 |    13 |     9 |     8 |     5 |     3 ||    47
   Stab: Paralysed         |       |       |       |    26 |    44 |   109 |   114 |   119 |   103 ||   515
         Confused          |       |       |       |     4 |     2 |    12 |     9 |    85 |    81 ||   193
         Sleeping          |       |       |       |       |    11 |    51 |    51 |    39 |    27 ||   179
         Distracted        |       |       |       |       |       |    12 |    15 |    14 |    26 ||    67
 Armour: Ring mail         |   100 |    45 |       |       |    37 |       |       |       |       ||   182
         Leather armour    |     2 |       |       |       |    15 |   363 |       |       |       ||   380
         Scale mail        |       |    36 |   254 |   256 |   211 |   360 |   647 |    97 |       ||  1861
         Skin              |       |     1 |       |       |    46 |       |       |       |       ||    47
         Chain mail        |       |       |       |    51 |     8 |       |       |       |       ||    59
         Acid dragon scale |       |       |       |       |       |       |       |   640 |   928 ||  1568
  Dodge: Dodged            |    94 |    81 |   158 |   296 |   437 |   657 |   318 |   549 |   937 ||  3527
  Block: Other             |       |    11 |    50 |    55 |   117 |   216 |    88 |    97 |    92 ||   726
         Reflection        |       |       |       |       |     2 |    17 |       |       |       ||    19
         Form:             |       |       |       |       |       |       |       |       |     1 ||     1
         Statue            |       |       |       |       |       |       |       |       |     1 ||     1
